 Dungeon Crawl Stone Soup version 0.30-a0-242-g7bf8e6d787 (webtiles) character file.

Game seed: 6584554192570293033

9151 IdlyInterested the Fighter (level 11, -8/89 HPs)
             Began as a Demonspawn Wanderer on Oct 11, 2022.
             Mangled by a cane toad (22 damage)
             ... on level 2 of the Lair of Beasts.
             The game lasted 00:45:12 (11023 turns).

IdlyInterested the Fighter (Demonspawn Wanderer)   Turns: 11023, Time: 00:45:13

Health: -8/89      AC:  7    Str: 17    XL:     11   Next: 19%
Magic:  18/22      EV: 11    Int: 27    God:
Gold:   223        SH:  4    Dex:  5    Spells: 13/24 levels left

rFire   . . .      SeeInvis .    m - staff of poison
rCold   . . .      Faith    .    f - +2 buckler
rNeg    + + .      Spirit   .    o - +2 robe {Archmagi}
rPois   +          Reflect  .    (no helmet)
rElec   .          Harm     .    (no cloak)
rCorr   .          Rampage  .    E - +1 pair of gloves of an ossuary {rN++}
Will    .....      Archmagi +    e - +0 pair of boots
Stlth   ++........               (no amulet)
HPRegen 0.34/turn                b - +6 ring of intelligence
MPRegen 0.18/turn                h - ring of wizardry

@: no status effects
A: demonic guardian 3, spiny 2, weakness stinger 2, clumsy 1, strong 1
a: no special abilities


You were on level 2 of the Lair of Beasts.
You visited 3 branches of the dungeon, and saw 11 of its levels.
You also visited: Ossuary.

You collected 848 gold pieces.
You spent 625 gold pieces at shops.

Inventory:

Hand Weapons
 H - the +4 arbalest "Mame" {vorpal, rF+ rC- Str+7 Int+4}
   (You took it off an orc on level 8 of the Dungeon)

   Any ammunition fired from it inflicts extra damage upon your enemies.
   Str:       It affects your strength (+7).
   Int:       It affects your intelligence (+4).
   rF:        It protects you from fire.
   rC:        It makes you vulnerable to cold.
Missiles
 a - 9 poisoned darts
 g - 22 boomerangs
 z - 39 stones
Armour
 e - a +0 pair of boots (worn)
 f - a +2 buckler (worn)
 o - a +2 robe of the Archmagi (worn)
 E - the +1 pair of gloves of an ossuary (worn) {rN++}
   (You found it on level 5 of the Dungeon)

   rN:        It greatly protects you from negative energy.
 N - the +5 scale mail of the Desert {Rampage rElec}
   (You bought it in a shop on level 7 of the Dungeon)

   rElec:     It insulates you from electricity.
   Rampage:   It bestows one free step when moving towards enemies.
 O - a +1 ring mail of cold resistance
Magical Staves
 m - a staff of poison (weapon)
Jewellery
 b - a +6 ring of intelligence (left hand)
 c - a ring of flight
 h - a ring of wizardry (right hand)
 r - a ring of protection from fire
 x - a ring of see invisible
 y - a +6 ring of intelligence
 J - a ring of protection from fire
Wands
 n - a wand of roots (1)
 p - a wand of charming (4)
 D - a wand of digging (6)
 G - a wand of polymorph (10)
Scrolls
 d - 2 scrolls of butterflies
 k - 4 scrolls of brand weapon
 t - 4 scrolls of identify
 A - 3 scrolls of teleportation
 B - 4 scrolls of enchant armour
 F - a scroll of enchant weapon
Potions
 i - 2 potions of cancellation
 j - 2 potions of mutation
 l - 3 potions of might
 s - 6 potions of curing
 u - 3 potions of brilliance
 L - a potion of heal wounds


   Skills:
 + Level 9.3 Fighting
 * Level 8.0 Staves
 - Level 1.0 Throwing
 - Level 1.0 Armour
 - Level 1.0 Dodging
 - Level 4.0 Stealth
 - Level 1.0 Shields
 + Level 7.3 Spellcasting
 - Level 3.6 Translocations
 - Level 8.0 Earth Magic


You had 13 spell levels left.
You knew the following spells:

 Your Spells              Type           Power      Damage    Failure   Level
a - Sandblast             Erth           100%       2d20      1%          1
b - Passwall              Tmut/Erth      39%        N/A       1%          2
c - Lee's Rapid Deconstr  Erth           34%        3d18*     3%          5
d - Stone Arrow           Conj/Erth      94%        3d12      1%          3

Your spell library contained the following spells:

 Spells                   Type           Power      Damage    Failure   Level
 Apportation              Tloc           88%        N/A       1%          1
 Blink                    Tloc           88%        N/A       1%          2
 Momentum Strike          Conj/Tloc      58%        3d9       2%          2
 Lesser Beckoning         Tloc           88%        N/A       2%          3
 Magic Dart               Conj           56%        1d5       3%          1
 Sting                    Tmut/Pois      88%        1d7       3%          1
 Poisonous Vapours        Pois/Air       44%        N/A       4%          2
 Searing Ray              Conj           28%        2d5       4%          2
 Leda's Liquefaction      Hex/Erth       23%        N/A       6%          4
 Anguish                  Hex/Necr       7%         N/A       28%         4
 Fulminant Prism          Conj/Hex       7%         3d7       28%         4
 Olgreb's Toxic Radiance  Pois           22%        N/A       28%         4
 Statue Form              Tmut/Erth      31%        N/A       63%         6
 Enfeeble                 Hex            7%         N/A       100%        7


Dungeon Overview and Level Annotations

Branches:
Dungeon (8/15)             Temple (1/1) D:4            Lair (2/5) D:8
Ossuary (visited)
  Swamp: Lair:2-3    Shoals: Lair:2-3     Snake: Lair:2-3    Spider: Lair:2-3

Altars:
Ashenzari
Cheibriados
Dithmenos
Fedhas
Gozag
Hepliaklqana
Makhleb
Nemelex Xobeh
Okawaru
Qazlal
Sif Muna
Vehumet
Wu Jian

Shops:
D:7 [


Innate Abilities, Weirdness & Mutations

A powerful demonic guardian rushes to your aid.
You are mostly covered in sharp spines.
You have a tail ending in a sharp stinger.
You are clumsy. (Dex -2)
Your muscles are strong. (Str +4, Int/Dex -1)


Message History

You see here 15 gold pieces.
You now have 223 gold pieces (gained 15).
Aiming: Sandblast (safe; 1% risk of failure)
Press: ? - help, Q - select action, (/) - cycle Shift-Dir - straight line, f - cane toad
Aim: a cane toad (87% to hit)
You feel a surge of power!
The blast of sand hits the cane toad!
The cane toad is heavily wounded.
Unknown command.
Aiming: Sandblast (safe; 1% risk of failure)
Press: ? - help, Q - select action, (/) - cycle Shift-Dir - straight line, f/p - cane toad
Aim: a cane toad (heavily wounded, 87% to hit)
You feel a surge of power!
The blast of sand hits the cane toad.
The cane toad is heavily wounded.
You block the cane toad's attack.
You hit the cane toad.
Your tail-slap misses the cane toad.
The cane toad is heavily wounded.
The cane toad is struck by your spines. The cane toad stings you!
Aiming: Sandblast (safe; 1% risk of failure)
Press: ? - help, Q - select action, (/) - cycle Shift-Dir - straight line, f/p - cane toad
Aim: a cane toad (heavily wounded, 87% to hit)
You feel a surge of power!
The blast of sand hits the cane toad!
The cane toad is almost dead.
The cane toad is struck by your spines.
You kill the cane toad!
The cane toad stings you! x2
A komodo dragon comes into view.
The cane toad stings you but does no damage.
The cane toad is struck by your spines. The cane toad stings you!!
* * * LOW HITPOINT WARNING * * *
A demonic guardian appears!
Your Staves skill increases to level 8!
Aiming: Sandblast (safe; 1% risk of failure)
Press: ? - help, Q - select action, (/) - cycle Shift-Dir - straight line, f - cane toad
Aim: a cane toad (lightly wounded, ally target, 87% to hit)
You feel a surge of power!
The blast of sand hits the cane toad!
The cane toad is heavily wounded.
The komodo dragon hisses angrily.
The cane toad is struck by your spines. The cane toad completely misses you.
The cane toad stings you!!
You die...

## ##.
.#######P###..##
...#...........#.
#...............
##.............#.
#...............
.......3F....># ##
........@†.....#...
.........F.......#
............$...l##
#(................#
#..............#.....
#............#.#....
###.............##
.#.
##.............###
##.............##


You could see a komodo dragon, 2 cane toads and a friendly smoke demon
(summoned).

Vanquished Creatures
  A two-headed ogre (D:8)
  Pikel (D:4)
  A black mamba (Lair:1)
  4 cane toads
  A rime drake (Lair:2)
  A komodo dragon (D:8)
  A troll (D:6)
  4 blink frogs (Lair:1)
  4 yaks (Lair:1)
  A wyvern (Lair:1)
  A steam dragon (D:7)
  3 water moccasins (Lair:1)
  An ice beast (D:7)
  A sky beast (D:7)
  A black bear (D:6)
  5 orc warriors (D:8)
  4 ogres
  4 wolves (Lair:1)
  2 centaurs
  A phantom (D:7)
  A kobold brigand (D:7)
  6 bullfrogs
  A gnoll sergeant (D:6)
  A scorpion (D:6)
  10 killer bees
  2 hounds
  4 orc priests
  A jelly (D:8)
  7 iguanas
  6 orc wizards
  8 mummies (Ossuary)
  4 gnolls
  3 adders
  2 white imps (D:6)
  An ufetubus (D:5)
  2 dart slugs
  55 orcs
  3 bats
  8 endoplasms
  2 giant cockroaches (D:1)
  2 gnoll zombies (Ossuary)
  6 goblins
  8 hobgoblins
  4 jackals (D:1)
  3 quokkas (D:1)
  9 ball pythons
  2 hobgoblin zombies (Ossuary)
  8 kobolds
  2 kobold zombies (Ossuary)
  2 orc zombies (Ossuary)
  3 rats
218 creatures vanquished.

Vanquished Creatures (collateral kills)
  A blink frog (Lair:1)
  A water moccasin (D:5)
  An orc warrior (D:8)
  A wolf (Lair:1)
  2 killer bees (D:7)
  A hound (D:4)
  An orc priest (D:4)
  An orc wizard (D:4)
  A dart slug (D:4)
  5 orcs
  A quokka (D:2)
16 creatures vanquished.

Vanquished Creatures (others)
  A fungus (Lair:1)
  10 plants (D:8)
11 creatures vanquished.

Grand Total: 245 creatures vanquished

Notes
Turn   | Place    | Note
-------+----------+-------------------------------------------
     0 | D:1      | IdlyInterested the Demonspawn Wanderer began the quest for
                  | the Orb.
     0 | D:1      | IdlyInterested set off with the following items: a +0 club,
                  | a potion of attraction, a +0 robe, a scroll of butterflies;
                  | and the following spells available to memorise:
                  | Apportation, Sandblast, Passwall, Lesser Beckoning, Stone
                  | Arrow.
     0 | D:1      | Reached XP level 1. HP: 15/15 MP: 2/2
     2 | D:1      | Learned a level 1 spell: Sandblast
    74 | D:1      | Gained mutation: A weak demonic guardian rushes to your
                  | aid. [demonic ancestry]
    74 | D:1      | Reached XP level 2. HP: 9/21 MP: 0/3
   575 | D:1      | Reached skill level 1 in Stealth
   827 | D:1      | Reached XP level 3. HP: 22/26 MP: 4/4
  1887 | D:2      | Reached skill level 2 in Fighting
  2497 | D:3      | Reached XP level 4. HP: 33/33 MP: 5/5
  2920 | D:3      | Found a faded altar of an unknown god.
  3526 | D:4      | Noticed an ogre
  3533 | D:4      | Killed an ogre
  3534 | D:4      | Reached skill level 5 in Earth Magic
  3534 | D:4      | Gained mutation: You are partially covered in sharp spines.
                  | [demonic ancestry]
  3534 | D:4      | Reached XP level 5. HP: 36/40 MP: 3/6
  3576 | D:4      | Reached skill level 3 in Fighting
  3644 | D:4      | Gained mutation: A demonic guardian rushes to your aid.
                  | [demonic ancestry]
  3644 | D:4      | Reached XP level 6. HP: 39/47 MP: 7/7
  3646 | D:4      | Reached skill level 1 in Shields
  3676 | D:4      | Noticed Pikel
  3685 | D:4      | Killed Pikel
  3686 | D:4      | Reached skill level 4 in Fighting
  3686 | D:4      | Reached skill level 1 in Dodging
  3686 | D:4      | Gained mutation: You are mostly covered in sharp spines.
                  | [demonic ancestry]
  3686 | D:4      | Reached XP level 7. HP: 25/55 MP: 1/8
  3830 | D:4      | Found a sand-covered staircase.
  3838 | Ossuary  | Entered an ossuary
  4229 | D:4      | Found a staircase to the Ecumenical Temple.
  4251 | Temple   | Entered the Ecumenical Temple
  4780 | D:4      | Reached skill level 1 in Armour
  4909 | D:5      | Entered Level 5 of the Dungeon
  4913 | D:5      | Reached XP level 8. HP: 61/61 MP: 6/9
  4994 | D:5      | Reached skill level 5 in Fighting
  5000 | D:5      | Reached skill level 1 in Throwing
  5560 | D:5      | Identified the +1 pair of gloves of an ossuary {rN++}
  5946 | D:6      | Noticed a troll
  5949 | D:6      | Killed a troll
  5950 | D:6      | Reached skill level 6 in Fighting
  6378 | D:6      | Gained mutation: You have a small tail. [demonic ancestry]
  6378 | D:6      | Reached XP level 9. HP: 71/71 MP: 12/14
  6687 | D:6      | Learned a level 2 spell: Passwall
  6962 | D:7      | Found Nidgh's Antique Armour Shop.
  7152 | D:7      | Reached skill level 7 in Fighting
  7152 | D:7      | Reached skill level 1 in Staves
  7281 | D:7      | Reached skill level 5 in Spellcasting
  7420 | D:7      | Found a burning altar of Makhleb.
  7567 | D:8      | Noticed a two-headed ogre
  7571 | D:8      | Killed a two-headed ogre
  7816 | D:7      | Learned a level 5 spell: Lee's Rapid Deconstruction
  7858 | D:8      | Identified the +4 arbalest "Mame" {vorpal, rF+ rC- Str+7
                  | Int+4}
  7929 | D:8      | Identified the +4 dagger of Gozag {chaos, Will++ Dex+3}
  8131 | D:8      | Found a staircase to the Lair.
  8132 | D:8      | Noticed a komodo dragon
  8162 | D:8      | Killed a komodo dragon
  8163 | D:8      | Gained mutation: You have a tail ending in a sharp stinger.
                  | [demonic ancestry]
  8163 | D:8      | Reached XP level 10. HP: 74/80 MP: 14/18
  8510 | D:8      | Reached skill level 8 in Fighting
  8510 | D:8      | Reached skill level 5 in Staves
  9193 | D:7      | Bought a transparent scale mail for 225 gold pieces
  9193 | D:7      | Identified the +0 scale mail "Lefuese" {Int+4} (You bought
                  | it in a shop on level 7 of the Dungeon)
  9193 | D:7      | Bought a brightly glowing scale mail for 225 gold pieces
  9193 | D:7      | Identified the +5 scale mail of the Desert {Rampage rElec}
                  | (You bought it in a shop on level 7 of the Dungeon)
  9193 | D:7      | Bought a runed ring mail for 175 gold pieces
  9264 | Lair:1   | Entered Level 1 of the Lair of Beasts
  9440 | Lair:1   | Noticed a black mamba
  9445 | Lair:1   | Killed a black mamba
  9532 | Lair:1   | Learned a level 3 spell: Stone Arrow
  9586 | Lair:1   | Noticed a cane toad
  9607 | Lair:1   | Killed a cane toad
  9774 | Lair:1   | Noticed a cane toad
  9775 | Lair:1   | Noticed a cane toad
  9777 | Lair:1   | Killed a cane toad
  9787 | Lair:1   | Killed a cane toad
 10182 | Lair:1   | Found an opulent altar of Gozag.
 10224 | Lair:1   | Reached skill level 9 in Fighting
 10308 | Lair:1   | Gained mutation: A powerful demonic guardian rushes to your
                  | aid. [demonic ancestry]
 10308 | Lair:1   | Reached XP level 11. HP: 79/89 MP: 18/21
 10932 | Lair:1   | Gained mutation: You are clumsy. (Dex -2) [potion of
                  | mutation]
 10932 | Lair:1   | Gained mutation: Your muscles are strong. (Str +4, Int/Dex
                  | -1) [potion of mutation]
 11023 | Lair:2   | Mangled by a cane toad

Illustrated notes

Levels and vault maps discovered:
D:1:      minmay_arrival_widening_spiral_wide, layout_basic,
          nicolae_figureground_sparkle
D:2:      minmay_evil_eye, layout_basic
D:3:      layout_loops_ring, shapermc_ecumenical_altar_mp_urbaneastern,
          corexii_shack
D:4:      layout_cave_pools, minmay_temple_entry_drinking_statues,
          chequers_ossuary_entry_cave, minmay_misc_feat_encased,
          amcnicky_mini_corridor_feature, minmay_misc_feat_hallway, uniq_pikel
D:5:      layout_loops_ring, hangedman_decor_diamond_cutter
D:6:      lemuel_ice_spiral_2, layout_basic
D:7:      layout_basic, old_standard_altar, serial_shops, shop,
          due_unseen_surprise
D:8:      layout_loops_ring, david_lair_shrubbed, special_room
          [special_room_orc], nicolae_underground_beach
Temple:   nicolae_temple_figure_eight
Lair:1:   layout_layer_cave, basic_altar, st_stairs_9
Lair:2:   gammafunk_worm_tunnel, layout_cave_pods, beast_lair_carwin_10,
          grunt_megastairs_2

Skill      XL: |  1  2  3  4  5  6  7  8  9 10 11 |
---------------+----------------------------------+-----
Earth Magic    | 4 5 6 7 8 |  8.0
Stealth        | 1 2 3 4 |  4.0
Fighting       | 2 3 4 6 7 9 |  9.3
Shields        | 1 |  1.0
Dodging        | 1 |  1.0
Armour         | 1 |  1.0
Throwing       | 1 |  1.0
Spellcasting   | 3 5 7 |  7.3
Staves         | 4 7 8 |  8.0
Translocations | |  3.6

Action                   |  1- 3 |  4- 6 |  7- 9 | 10-12 || total
-------------------------+-------+-------+-------+-------++-------
Melee: Club              |     3 |       |       |       ||     3
       Flail             |    47 |    39 |    37 |       ||   123
       Punch             |     1 |       |       |       ||     1
       Whip              |       |       |    12 |       ||    12
       Staff             |       |       |    38 |    52 ||    90
       Tailslap          |       |       |     6 |     7 ||    13
       Unarmed           |       |       |     3 |       ||     3
Throw: Stone             |     5 |     3 |    11 |       ||    19
       Boomerang         |     3 |       |    10 |       ||    13
       Dart              |     9 |       |       |       ||     9
 Cast: Sandblast         |    34 |    15 |   102 |    88 ||   239
       Passwall          |       |       |     2 |       ||     2
       Stone Arrow       |       |       |       |     1 ||     1
  Use: Scroll            |     3 |     3 |     7 |     2 ||    15
       Potion            |     1 |     2 |     2 |     5 ||    10
 Stab: Sleeping          |     6 |     1 |       |     2 ||     9
Armor: Robe              |    13 |    30 |    18 |    15 ||    76
       Skin              |       |       |     1 |       ||     1
Dodge: Dodged            |    38 |    32 |    68 |    54 ||   192
Block: Buckler           |       |     3 |    28 |    26 ||    57

Table legend: (Time is in decaauts)
 A = Elapsed time spent in this place.
 B = Non-inter-level travel time spent in this place.
 C = Inter-level travel time spent in this place.
 D = Time resting spent in this place.
 E = Time spent auto-exploring this place.
 F = Levels seen in this place.
 G = Mean time per level.
                   A        B        C        D        E       F      G
               +--------+--------+--------+--------+--------+-----+--------+
         Total |  11203 |   9829 |   1374 |   1181 |   6505 |  12 |  933.6 |
       Dungeon |   8831 |   7553 |   1278 |    992 |   4788 |   8 | 1103.9 |
        Temple |    218 |    207 |     11 |      0 |    202 |   1 |  218.0 |
          Lair |   1776 |   1691 |     85 |     56 |   1379 |   2 |  888.0 |
       Ossuary |    377 |    377 |      0 |    133 |    136 |   1 |  377.0 |
               +--------+--------+--------+--------+--------+-----+--------+

Top non-repeatable levels by time:
  Lair:1: 1704 daAuts
     D:1: 1580 daAuts
     D:8: 1452 daAuts
     D:7: 1051 daAuts
     D:2: 1049 daAuts
     D:3: 1006 daAuts
     D:4: 958 daAuts
     D:6: 945 daAuts
     D:5: 788 daAuts
 Ossuary: 377 daAuts
  Temple: 218 daAuts
  Lair:2: 71 daAuts
